 Dungeon Crawl Stone Soup version 0.31-a0-744-gbc345e7fcb (webtiles) character file.

Game seed: 6159104376770735902

45 cforsyth the Sneak (level 3, -4/31 HPs)
             Began as a Djinni Delver on Sept 14, 2023.
             Slain by a hound (5 damage)
             ... on level 4 of the Dungeon.
             The game lasted 00:01:00 (83 turns).

cforsyth the Sneak (Djinni Delver)                    Turns: 83, Time: 00:01:00

Health: -4/31      AC:  3    Str: 11    XL:     3   Next: 90%
Gold:   0          EV: 12    Int: 13    God:
                   SH:  0    Dex: 14

rFire   + + .        a - +0 falchion
rCold   x . .        (no shield)
rNeg    . . .        b - +0 leather armour
rPois   ∞            (no helmet)
rElec   .            (no cloak)
rCorr   .            (no gloves)
SInv    .            (boots unavailable)
Will    .....        (no amulet)
Stlth   ++           (no ring)
HPRegen 0.25/turn    (no ring)
MPRegen 0.00/turn

%: infuse magic (-5 HP)
@: flying, hasted, very quick
A: sickness immunity, fire resistance 2, cold vulnerability 1, float, innate
caster, HP casting, extra vitality 1
a: no special abilities


You were on level 4 of the Dungeon.
You visited 1 branch of the dungeon, and saw 2 of its levels.

Inventory:

Hand Weapons
 a - a +0 falchion (weapon)
Armour
 b - a +0 leather armour (worn)
Wands
 g - a wand of digging (3)
Scrolls
 c - a scroll of fog
 d - a scroll of revelation


   Skills:
 + Level 3.8 Fighting
 - Level 1.7 Long Blades
 - Level 2.1 Dodging
 - Level 4.1 Stealth
 + Level 1.4 Spellcasting
 + Level 1.4 Conjurations
 + Level 1.4 Hexes
 + Level 1.4 Summonings
 + Level 1.4 Necromancy
 + Level 1.4 Translocations
 + Level 1.4 Transmutations
 + Level 1.4 Fire Magic
 + Level 1.4 Ice Magic
 + Level 1.4 Air Magic
 + Level 1.4 Earth Magic
 + Level 1.4 Poison Magic


You knew the following spells:

 Your Spells              Type           Power      Damage    Failure   Level
a - Sting                 Tmut/Pois      16%        1d3       21%         1
Your spell library was empty.

Dungeon Overview and Level Annotations

Branches:
Dungeon (5/15)
 Temple: D:4-7

Altars:

Annotations:
D:4 1 runed translucent door, Blork the orc; justen's ghost, amateur TrSh


Innate Abilities, Weirdness & Mutations

You are immune to sickness and miasma.
You are immune to poison.
Your flesh is very heat resistant. (rF++)
You are vulnerable to cold. (rC-)
You float through the air rather than walking.
You learn spells naturally, not from books.
Your magical power is your life essence.
You have superior vitality. (+4 MHP)


Message History

You kill the orc!
Things that are here:
a +0 mace; a +0 leather armour A kobold comes into view.
It is wielding a +0 whip.
A hound comes into view.
The hound barks!
An orc comes into view. It is wielding a +0 club.
The kobold attacks as it pursues you! The kobold misses you.
There is a stone staircase leading down here.
You fly downwards.
There is a stone staircase leading up here.
You are too injured to fight recklessly!
You are too injured to fight recklessly!
You closely miss the kobold. The kobold barely misses you.
You hit the kobold but do no damage.
The gnoll shouts!
A gnoll comes into view. It is wielding a +0 club.
The kobold hits you with a +0 whip.
* * * LOW HITPOINT WARNING * * *
The kobold misses you.
You fly upwards.
Level annotation: 1 runed translucent door, Blork the orc; justen's ghost, amateur TrSh The hound closely misses you.
The hound bites you.
* * * LOW HITPOINT WARNING * * *
There is a stone staircase leading down here.
Okay, then.
You aren't carrying any potions.
Okay, then.
Level annotation: 1 runed translucent door, Blork the orc; justen's ghost, amateur TrSh Welcome back, cforsyth the Djinni Delver.
Press ? for a list of commands and other information.
Unknown command.
The orc attacks as it pursues you! The orc hits you but does no damage.
A ball python comes into view.
The orc attacks as it pursues you! The orc misses you.
The hound attacks as it pursues you! The hound bites you.
* * * LOW HITPOINT WARNING * * *
The ball python hisses angrily.
The hound attacks as it pursues you! The hound bites you.
You die...

... #.....$.......).....
...#######...............
...#.....#...............
#.##[~~~~+...............
...#$...W#....>..........
...#######...............
........)[.....o.........
#.......#.....#Kh........
........####....@........
######### ###...........
#........S.# #..........#
#..........# #...........
#........... #..........


You could see a hound, an orc, a ball python and a kobold.

Vanquished Creatures
  A hound (D:4)
  An adder (D:4)
  3 orcs (D:4)
5 creatures vanquished.

Notes
Turn   | Place    | Note
-------+----------+-------------------------------------------
     0 | D:5      | cforsyth the Djinni Delver began the quest for the Orb.
     0 | D:5      | Reached XP level 1. HP: 20/20 MP: 0/0
     8 | D:4      | Noticed a scorpion
     8 | D:4      | Found a runed translucent door.
    20 | D:4      | Noticed Blork the orc
    30 | D:4      | Noticed justen's ghost (amateur TrSh)
    33 | D:4      | Noticed a hound
    58 | D:4      | Killed a hound
    59 | D:4      | Reached skill level 1 in Spellcasting
    59 | D:4      | Reached skill level 1 in Conjurations
    59 | D:4      | Reached skill level 1 in Hexes
    59 | D:4      | Reached skill level 1 in Summonings
    59 | D:4      | Reached skill level 1 in Necromancy
    59 | D:4      | Reached skill level 1 in Translocations
    59 | D:4      | Reached skill level 1 in Transmutations
    59 | D:4      | Reached skill level 1 in Fire Magic
    59 | D:4      | Reached skill level 1 in Ice Magic
    59 | D:4      | Reached skill level 1 in Air Magic
    59 | D:4      | Reached skill level 1 in Earth Magic
    59 | D:4      | Reached skill level 1 in Poison Magic
    59 | D:4      | Reached XP level 2. HP: 3/25 MP: 0/0
    59 | D:4      | Reached XP level 3. HP: 4/30 MP: 0/0
    59 | D:4      | Learned a level 1 spell: Sting
    79 | D:4      | HP: 1/31 [hound (4)]
    83 | D:4      | Slain by a hound

Illustrated notes

Levels and vault maps discovered:
D:4:      layout_rooms, nicolae_sif_muna_little_library,
          makhleb_altar_promises_db, fedhas_altar_fruit_tree,
          ebering_ghost_reflecting_pool, uniq_blork_the_orc
D:5:      layout_cave_pools, grunt_dithmenos_shadows, okawaru_trees_1,
          mainiacjoe_overflow_cross_hatched, minmay_temple_entry_glass,
          serial_gnoll_camp, gnoll_camp_mini_shop, gnoll_camp_mini_shop,
          gnoll_camp_huts_basic, gnoll_camp_mini_sergeant,
          gnoll_camp_mini_loothouse, uniq_pikel, uniq_menkaure

Skill      XL: |  1 |
---------------+----+-----
Spellcasting   | 1 |  1.4
Conjurations   | 1 |  1.4
Hexes          | 1 |  1.4
Summonings     | 1 |  1.4
Necromancy     | 1 |  1.4
Translocations | 1 |  1.4
Transmutations | 1 |  1.4
Fire Magic     | 1 |  1.4
Ice Magic      | 1 |  1.4
Air Magic      | 1 |  1.4
Earth Magic    | 1 |  1.4
Poison Magic   | 1 |  1.4
Fighting       | |  3.8
Long Blades    | |  1.7
Dodging        | |  2.1
Stealth        | |  4.1

Action                     || total
---------------------------++-------
  Melee: Falchion          ||    24
         Punch             ||     1
    Use: Potion            ||     1
         Scroll            ||     1
 Armour: Leather armour    ||    18
  Dodge: Dodged            ||    27

Table legend: (Time is in decaauts)
 A = Elapsed time spent in this place.
 B = Non-inter-level travel time spent in this place.
 C = Inter-level travel time spent in this place.
 D = Time resting spent in this place.
 E = Time spent auto-exploring this place.
 F = Levels seen in this place.
 G = Mean time per level.
                   A        B        C        D        E       F      G
               +--------+--------+--------+--------+--------+-----+--------+
         Total |     74 |     74 |      0 |      0 |      0 |   2 |   37.0 |
       Dungeon |     74 |     74 |      0 |      0 |      0 |   2 |   37.0 |
               +--------+--------+--------+--------+--------+-----+--------+

Top non-repeatable levels by time:
     D:4: 63 daAuts
     D:5: 11 daAuts
